 Dungeon Crawl Stone Soup version 0.18.1-8-gdd0e5ea (webtiles) character file.

748490 Ponchio the Slayer (level 27, -4/192 HPs)
             Began as a Gargoyle Fighter on May 19, 2016.
             Was the Champion of Qazlal.
             Killed from afar by a Hell Sentinel (45 damage)
             ... with damnation
             ... on level 1 of the Abyss on May 23, 2016.
             The game lasted 11:15:28 (82333 turns).

Ponchio the Slayer (Gargoyle Fighter)              Turns: 82333, Time: 11:15:29

Health: -4/192     AC: 44    Str: 24    XL:     27
Magic:  53/53      EV: 39    Int: 21    God:    Qazlal [******]
Gold:   5072       SH:  8    Dex: 28    Spells: 0 memorised, 26 levels left

rFire  . . .     SeeInvis +     P - +7 lajatang of Order {silver, rMut}
rCold  + . .     Gourm    .     y - +0 ring mail of the Untouchables {-Cast Int+4 Dex+9}
rNeg   + . .     Faith    .     (shield currently unavailable)
rPois  ∞         Spirit   .     A - +2 hat of Fashionability {MR+ Str+3}
rElec  +         Dismiss  .     B - +2 cloak {MR+}
rCorr  .         Reflect  .     o - +2 pair of gloves "Itach" {rElec rC+}
rMut   +         Harm     +     Q - +0 pair of boots of Gravity {Regen+ MP+9 SInv}
SustAt +         NoCast   +     r - amulet of harm
MR     +++++                    S - ring of Wudeissa {MR+ EV+4}
Stlth  +.........               l - ring "Kicsoxah" {SustAt MP+9 Dex+6}

@: protected from physical damage, flying, very slightly contaminated, repel
missiles, almost entirely resistant to hostile enchantments, very unstealthy
A: big wings, hooves 1, icy blue scales 1, yellow scales 1, deformed body,
negative energy resistance 1, electricity resistance, unbreathing, petrification
resistance, rot immunity, subdued magic 2, AC +20
a: Stop Flying, Upheaval, Elemental Force, Disaster Area, Renounce Religion
}: 4/15 runes: decaying, serpentine, slimy, silver


You were on level 1 of the Abyss.
You worshipped Qazlal.
Qazlal was exalted by your worship.
You were not hungry.

You visited 15 branches of the dungeon, and saw 64 of its levels.
You visited the Abyss 2 times.
You also visited: Ice Cave and Wizlab.

You collected 8421 gold pieces.
You spent 3349 gold pieces at shops.

Inventory:

Hand Weapons
 m - a +9 flail of crushing
 P - the +7 lajatang of Order (weapon) {silver, rMut}
   (You found it on level 3 of the Crypt)

   It protects you from mutation.
Armour
 o - the +2 pair of gloves "Itach" (worn) {rElec rC+}
   (You acquired it on level 1 of the Abyss)

   It protects you from cold.
   It insulates you from electricity.
 y - the +0 ring mail of the Untouchables (worn) {-Cast Int+4 Dex+9}
   (You found it on level 5 of the Dungeon)

   It affects your intelligence (+4).
   It affects your dexterity (+9).
   It prevents spellcasting.
 A - the +2 hat of Fashionability (worn) {MR+ Str+3}
   (You acquired it on level 6 of the Dungeon)

   It affects your strength (+3).
   It affects your resistance to hostile enchantments.
 B - a +2 cloak of magic resistance (worn)
 N - a +1 large shield of protection
 Q - the +0 pair of boots of Gravity (worn) {Regen+ MP+9 SInv}
   (You acquired it on level 10 of the Dungeon)

   It affects your magic capacity (+9).
   It lets you see invisible.
   It increases your rate of regeneration.
Jewellery
 l - the ring "Kicsoxah" (left hand) {SustAt MP+9 Dex+6}
   (You bought it in a shop on level 11 of the Dungeon)

   [ring of sustain attributes]

   It sustains your strength, intelligence and dexterity.
   It affects your dexterity (+6).
   It affects your magic capacity (+9).
 n - the ring of Adept {rCorr rF+}
   (You took it off a centaur on level 12 of the Dungeon)

   [ring of resist corrosion]

   It protects you from fire.
 r - an amulet of harm (around neck)
 I - a +5 ring of evasion
 O - the ring of Caiwnaimiju {rF+ Dex+4}
   (You took it off an orc warrior on level 12 of the Dungeon)

   [ring of protection from fire]

   It affects your dexterity (+4).
   It protects you from fire.
 S - the ring of Wudeissa (right hand) {MR+ EV+4}
   (You bought it in a shop on level 11 of the Dungeon)

   [ring of evasion]

   It affects your evasion (+4).
   It affects your resistance to hostile enchantments.
Wands
 b - a wand of iceblast (4/15)
 i - a wand of flame (31/48)
 p - a wand of random effects (24/48)
 s - a wand of lightning (9/15)
 V - a wand of hasting (5/9)
Scrolls
 e - 46 scrolls of identify
 g - 21 scrolls of remove curse
 k - 16 scrolls of teleportation
 u - 2 scrolls of enchant weapon
 x - a scroll of amnesia
 F - 11 scrolls of fear
 G - 4 scrolls of magic mapping
 H - a scroll of fog
Potions
 a - 3 potions of agility
 d - 7 potions of might
 h - 4 potions of berserk rage
 q - 8 potions of curing
 v - 3 potions of cancellation
 J - 9 potions of resistance
 X - 3 potions of ambrosia
Books
 D - the Volume of the Beekeeper
   (You found it on level 1 of the Abyss)

   Spells                             Type                      Level
   a - Lightning Bolt                 Conjuration/Air              5
   b - Bolt of Draining               Conjuration/Necromancy       5
   c - Venom Bolt                     Conjuration/Poison           5
   d - Iskenderun's Battlesphere      Conjuration/Charms           5
Miscellaneous
 c - 3 phantom mirrors
Comestibles
 f - 18 bread rations
 j - 9 meat rations
 w - a slice of pizza
 z - a chunk of flesh
 C - a fruit


   Skills:
 + Level 24.8 Fighting
 - Level 21.0(23.2) Maces & Flails
 + Level 18.4(22.0) Staves
 - Level 16.2 Armour
 + Level 23.0 Dodging
 - Level 23.1 Shields
 - Level 16.1 Invocations


You had 26 spell levels left.
You didn't know any spells.

Dungeon Overview and Level Annotations

Branches:
Dungeon (15/15)            Temple (1/1) D:4            Lair (8/8) D:8
  Swamp (4/4) Lair:5        Snake (4/4) Lair:4        Slime (6/6) Lair:8
    Orc (2/2) D:12            Elf (3/3) Orc:2        Vaults (5/5) D:13
  Crypt (3/3) Vaults:3       Tomb (0/3) Crypt:3      Depths (5/5) D:15
   Hell (1/1)                 Dis (3/7) Hell            Geh (0/7) Hell
    Coc (0/7) Hell            Tar (1/7) Hell            Zot (3/5) Depths:5

Altars:
Ashenzari
Cheibriados
Dithmenos
Elyvilon
Fedhas
Gozag
Kikubaaqudgha
Makhleb
Nemelex Xobeh
Okawaru
Pakellas
Qazlal
Ru
Sif Muna
Trog
Vehumet
Xom
Yredelemnul
Zin
The Shining One
Beogh
Jiyva
Lugonu

Shops:
D:6 (}:(   D:11 =   D:12 ?   Orc:2 [}*   Snake:3 !   Vaults:1 :   Vaults:3 !
Vaults:5 !   Depths:3 !

Portals:
Hell: Depths:1 Depths:2 Depths:3 Depths:4 Depths:5
Abyss: Depths:1 Depths:4 Depths:5
Pandemonium: Depths:2 Depths:3
Ziggurat: Depths:3

Annotations:
D:12 3 runed doors


Innate Abilities, Weirdness & Mutations

You are resistant to torment.
Your stone body is resilient (AC +20).
You are immune to poison.
Your large and strong wings let you fly indefinitely.
You resist negative energy.
You are resistant to electric shocks.
You can survive without breathing.
You are immune to petrification.
You are immune to rotting.
You have large cloven feet.
You are partially covered in icy blue scales (AC +1).
You are partially covered in yellow scales (AC +2).
Armour fits poorly on your strangely shaped body.
Your spells are easier to cast, but less powerful.


Message History

The raiju bursts into living lightning!
The living lightning hits the ynoxinul.
The ynoxinul resists.
The living lightning misses you.
The raiju blinks!
A large abomination comes into view.
The raiju bursts into living lightning!
The living lightning misses you. x2
The living lightning hits the Hell Sentinel.
The Hell Sentinel completely resists.
The raiju blinks!
The ynoxinul gestures.
You hear a roar!
The raiju bursts into living lightning!
The living lightning hits the Hell Sentinel.
The Hell Sentinel completely resists.
The living lightning misses you.
The raiju blinks!
The ynoxinul gestures.
You hear a roar!
The large abomination is engulfed in freezing vapours.
The Hell Sentinel gestures at you.
The damnation unfurls!
The damnation engulfs you!
You die...

#...#. .#.#...
...... ......... .
......##...#... . .
..............#.. #
.............#... #
#.......§....#.....
.........1.§......
#.......§@.X§......
#....####.§##... #
....>##..## #. .. .
#..§.## . #
.....##5h.5.......
...##....
..553.##..#.. .
...# ../......#
..(. . #.#
..........5... ...
. .....###.§##...
..


You could see a Hell Sentinel, a large abomination, a ynoxinul and 2 ufetubi.

Vanquished Creatures
  the Royal Jelly (Slime:6)
  Dissolution (Slime:5)
  An ancient lich (WizLab)
  Mennas (Vaults:4)
  Mara (Crypt:3)
  Geryon (Hell)
  5 golden dragons
  12 bone dragons
  Nikola (Swamp:3)
  2 Tzitzimimeh
  2 profane servitors
  A doom hound (Tar:1)
  An iron giant (Dis:2)
  The ghost of Suckerboh the Ninja, a veteran SpEn of Dithmenos (Depths:2)
  Jorgrun (Elf:2)
  2 Hell Sentinels (Abyss:1)
  13 tentacled monstrosities
  8 liches
  3 deep elf blademasters
  5 titans
  2 deep elf master archers (Elf:3)
  3 quicksilver dragons
  26 acid blobs
  An eldritch tentacle (Dis:1)
  9 sphinxes
  13 tentacled starspawn (Abyss:1)
  2 death cobs
  2 Executioners
  Gastronok (D:11)
  8 ancient champions
  Kirke (Lair:6)
  7 tengu reavers
  3 shadow dragons
  2 thorn hunters
  A daeva (Abyss:1)
  2 revenants
  6 draconian monks
  7 storm dragons
  8 greater nagas (Snake:4)
  A ghost moth (Zot:1)
  22 azure jellies
  3 iron dragons
  6 frost giants
  A draconian knight (Zot:1)
  8 fire giants
  6 deep elf sorcerers
  12 vault wardens
  The ghost of raetorn the Eclecticist, an adept DsWz of Vehumet (WizLab)
  Louise (Elf:1)
  An orc warlord (Orc:2)
  4 cacodemons
  Aizul (Depths:1)
  4 draconian scorchers
  6 draconian zealots
  2 draconian shifters
  4 curse skulls
  3 draconian annihilators
  31 reapers
  10 ghouls
  5 deep elf elementalists
  4 balrugs
  2 war gargoyles
  18 stone giants
  4 spriggan defenders (Depths:3)
  A draconian caller (Zot:1)
  24 ironheart preservers
  Nessos (D:13)
  3 purple draconians
  5 deep elf annihilators
  10 deep elf demonologists
  23 very ugly things
  4 black draconians
  7 vampire knights
  7 red draconians
  2 salamander stormcallers
  5 green draconians (Zot:1)
  3 white draconians (Zot:1)
  5 mottled draconians
  A dire elephant (D:15)
  9 yellow draconians
  3 eidola
  A blizzard demon (Depths:5)
  31 vault guards
  9 spark wasps
  5 death oozes
  13 ettins
  12 deep elf death magi
  A green death (Abyss:1)
  16 jiangshi
  Josephine (D:10)
  13 fire dragons
  17 great orbs of eyes
  17 yaktaur captains
  3 deep elf high priests
  25 hydras
  5 rakshasas
  6 entropy weavers
  Harold (D:12)
  3 quicksilver dragon skeletons
  11 ice dragons
  2 ghost crabs
  12 centaur warriors
  A spectral stone giant (Crypt:3)
  11 death knights
  18 naga warriors
  4 spriggan air magi
  25 dancing weapons
  Erica (D:10)
  18 ogre magi
  10 anacondas
  9 alligators
  7 deep troll shamans
  3 tengu warriors
  17 deep troll earth magi
  8 hell hogs
  8 death yaks
  3 titan zombies
  A spriggan berserker (Depths:4)
  7 sun demons
  2 soul eaters
  5 vampire magi
  10 thrashing horrors (Abyss:1)
  19 naga sharpshooters
  15 wretched stars (Abyss:1)
  6 shock serpents
  An iron golem (Dis:3)
  The ghost of GordonOverkill the Cleaver, a novice DDBe of Trog (D:9)
  2 salamander mystics
  97 skeletal warriors
  A fire crab (Vaults:2)
  13 hell knights
  27 deep elf knights
  2 spatial maelstroms (Abyss:1)
  33 deep trolls
  33 large abominations
  8 wizards
  3 storm dragon zombies
  A storm dragon skeleton (Dis:3)
  5 shadow wraiths
  A death drake (Abyss:1)
  4 sea snakes (Snake:3)
  A golden dragon zombie (Tar:1)
  2 ghost moth zombies
  8 giant orange brains
  13 swamp dragons
  12 flayed ghosts
  2 unseen horrors
  2 anaconda zombies
  A shadow demon (Dis:2)
  15 phantasmal warriors
  23 deep elf archers
  18 ironbrand convokers
  A quicksilver dragon simulacrum (Depths:1)
  A lindwurm (shapeshifter) (Elf:1)
  10 naga ritualists
  2 shadow dragon zombies
  3 shambling mangroves
  A golden dragon skeleton (Crypt:3)
  16 necromancers
  11 orc knights
  An anubis guard (shapeshifter) (Vaults:4)
  A harpy (shapeshifter) (Vaults:4)
  3 wolf spider zombies
  2 orb spiders (Abyss:1)
  2 frost giant zombies (Vaults:4)
  8 griffons
  10 hill giants
  19 mana vipers
  10 harpies
  43 ugly things
  5 wolf spiders
  4 salamanders
  A fire giant zombie (Dis:3)
  2 stone giant zombies
  A faun (shapeshifter) (Abyss:1)
  81 deep elf magi
  4 hornets
  5 orc sorcerers
  An iron dragon zombie (Dis:2)
  A moth of wrath (shapeshifter) (Vaults:3)
  An oklob plant (Lair:8)
  4 manticores
  3 cyclopes
  15 rust devils
  A fire giant skeleton (Dis:3)
  A stone giant skeleton (Vaults:4)
  An iron dragon skeleton (Crypt:2)
  12 shining eyes
  3 sixfirhies
  51 black mambas
  A guardian serpent (shapeshifter) (Abyss:1)
  9 moths of wrath
  7 worldbinders (Abyss:1)
  An octopode (shapeshifter) (Depths:2)
  4 ice statues
  4 eyes of devastation
  35 elephants
  6 guardian serpents
  A frost giant skeleton (Abyss:1)
  19 smoke demons
  3 spriggan zombies
  2 centaur skeletons
  A torpor snail (Lair:7)
  2 shock serpent zombies
  24 naga magi
  A molten gargoyle (Hell)
  5 apocalypse crabs (Abyss:1)
  A water nymph (shapeshifter) (Vaults:1)
  2 gargoyles (D:13)
  A titan simulacrum (Depths:3)
  14 vault sentinels
  5 spectral swamp worms (Depths:1)
  4 orange demons
  18 spiny frogs
  2 dire elephant skeletons
  10 komodo dragons
  4 efreet
  A storm dragon simulacrum (Vaults:4)
  A kobold demonologist (Vaults:1)
  2 human zombies (Vaults:4)
  7 hellions
  2 rime drakes (Lair:5)
  15 freezing wraiths
  53 yaktaurs
  A red draconian zombie (Crypt:1)
  41 small abominations
  10 ancient zymes (Abyss:1)
  3 hellwings (Abyss:1)
  6 tengu conjurers
  A komodo dragon (shapeshifter) (Vaults:4)
  A redback zombie (D:15)
  14 ice devils
  A merfolk (shapeshifter) (Vaults:5)
  A demonic crawler (Abyss:1)
  12 polar bears (Lair:8)
  6 spriggan druids
  A queen bee (Lair:3)
  A silent spectre (Tar:1)
  2 yaktaur skeletons (Vaults:1)
  A queen bee (shapeshifter) (D:14)
  10 tormentors
  16 red devils
  4 jumping spiders
  6 trolls
  A grey draconian skeleton (Crypt:2)
  5 hydra zombies
  A polar bear (shapeshifter) (Abyss:1)
  7 giant leeches
  A tengu simulacrum (Vaults:3)
  A death drake zombie (Crypt:1)
  3 hydra skeletons (Hell)
  A queen ant zombie (Crypt:1)
  30 two-headed ogres
  35 raiju (Abyss:1)
  A wolf spider simulacrum (D:15)
  2 ettin zombies
  152 slime creatures
  A raiju (shapeshifter) (D:13)
  25 blink frogs
  A black mamba zombie (Dis:2)
  2 fire giant simulacra
  9 bog bodies
  An ice dragon zombie (Dis:2)
  71 flying skulls
  5 boulder beetles
  20 redbacks
  2 fire dragon zombies (Dis:3)
  8 air elementals
  32 spriggans
  4 ettin skeletons
  40 starcursed masses (Abyss:1)
  5 vampires
  12 ynoxinuls (Abyss:1)
  5 water elementals
  A fire dragon skeleton (Tar:1)
  15 shadows
  A wind drake zombie (Crypt:2)
  4 hill giant zombies (WizLab)
  An alligator skeleton (Abyss:1)
  4 fire bats (Abyss:1)
  28 wraiths
  3 wyverns
  14 hippogriffs
  2 humans (D:11)
  4 basilisks
  29 yaks
  3 hungry ghosts
  A tarantella (shapeshifter) (Vaults:4)
  Eustachio (D:6)
  12 fire elementals
  3 hogs
  14 golden eyes
  A basilisk (shapeshifter) (Elf:3)
  31 vampire mosquitoes
  7 chaos spawn (Abyss:1)
  10 neqoxecs (Abyss:1)
  4 wargs
  Menkaure (D:6)
  25 swamp worms
  11 insubstantial wisps
  A swamp worm (shapeshifter) (Elf:2)
  2 nagas (shapeshifter)
  Edmund (D:4)
  2 hydra simulacra (Abyss:1)
  A faun zombie (Crypt:2)
  A merfolk zombie (Dis:2)
  A mottled dragon (Vaults:1)
  58 nagas
  A gelid demonspawn zombie (Dis:3)
  11 porcupines
  A soldier ant (shapeshifter) (Vaults:1)
  3 giant eyeballs
  A spectral snapping turtle (Crypt:3)
  A human skeleton (Depths:3)
  4 spiny frog zombies
  9 hell hounds
  A hornet simulacrum (D:15)
  A merfolk skeleton (Dis:3)
  A spiny frog skeleton (Hell)
  16 water moccasins
  13 swamp drakes
  6 sky beasts
  22 wasps
  2 elf zombies
  18 necrophages
  6 snapping turtle zombies
  2 swamp dragon zombies
  8 black bears
  A deep troll simulacrum (Depths:1)
  5 eyes of draining
  A fire dragon simulacrum (Crypt:2)
  61 ogres
  41 orc warriors
  4 ice beasts
  4 phantoms
  13 boggarts
  35 wolves
  A wolf (shapeshifter) (Vaults:5)
  24 centaurs
  A blink frog skeleton (Crypt:2)
  A snapping turtle skeleton (Abyss:1)
  A manticore skeleton (Abyss:1)
  2 big kobolds (D:11)
  16 crocodiles
  A hog skeleton (Crypt:1)
  A giant frog (shapeshifter) (Depths:2)
  21 giant frogs
  2 wyvern zombies
  An ogre simulacrum (Vaults:1)
  6 earth elementals
  2 wyvern skeletons
  2 scorpions
  19 killer bees
  12 troll zombies
  A snapping turtle simulacrum (Crypt:3)
  38 wights
  4 draconian simulacra (IceCv)
  A wasp zombie (D:9)
  A giant frog zombie (D:13)
  4 centaur zombies
  2 human simulacra
  13 quasits
  3 crimson imps
  7 hounds
  39 jellies
  16 orc wizards
  24 orc priests
  13 iron imps
  4 giant frog skeletons
  12 iguanas
  14 worker ants
  3 troll simulacra (IceCv)
  21 sheep
  A felid zombie (Crypt:1)
  3 ogre zombies (WizLab)
  A deep dwarf zombie (Crypt:1)
  A tengu zombie (Tar:1)
  A centaur simulacrum (IceCv)
  A demigod skeleton (Crypt:2)
  6 mummies
  2 worker ant zombies
  A hell rat zombie (Crypt:1)
  11 adders
  7 gnolls
  2 naga simulacra (IceCv)
  68 river rats
  9 shadow imps
  A swamp drake skeleton (Crypt:2)
  21 white imps
  7 ufetubi (Abyss:1)
  An ooze (D:2)
  3 adder skeletons
  2 adder zombies
  4 worms
  A dart slug (D:2)
  6 giant geckos
  106 orcs
  2 ball pythons (D:2)
  A bat skeleton (Crypt:1)
  8 giant cockroaches
  8 goblins
  12 hobgoblins
  30 jackals
  4 quokkas
  3 bats
  A giant gecko zombie (D:5)
  4 giant newts
  A jackal skeleton (D:8)
  14 kobolds
  A quokka skeleton (D:4)
  8 rats
  9 bushes
  A crawling corpse (Vaults:4)
  67 fungi
  70 plants
  16 starspawn tentacles (Abyss:1)
  2 withered plants (D:15)
3860 creatures vanquished.

Vanquished Creatures (others)
  An acid blob (Slime:6)
  An eldritch tentacle (Tar:1)
  A tengu reaver (Vaults:5)
  A green draconian (Zot:1)
  An ice dragon (Zot:3)
  A hell hog (Abyss:1)
  An ironbrand convoker (Vaults:5)
  An ugly thing (Depths:2)
  A deep elf archer (Elf:1)
  3 deep elf magi
  A troll (D:2)
  A water elemental (Depths:4)
  A human (Lair:7)
  2 orc warriors (Vaults:2)
  A swamp drake (Swamp:3)
  2 ogres (Vaults:3)
  An eye of draining (shapeshifter) (Vaults:5)
  A wight (D:12)
  2 orcs (Orc:2)
  A briar patch (Swamp:4)
  117 eldritch tentacle segments
  22 fungi
  6 lost souls
  3 lurking horrors (Abyss:1)
  17 plants
  21 starspawn tentacles (Abyss:1)
  520 starspawn tentacle segments (Abyss:1)
731 creatures vanquished.

Grand Total: 4591 creatures vanquished

Notes
Turn   | Place    | Note
--------------------------------------------------------------
     0 | D:1      | Ponchio the Gargoyle Fighter began the quest for the Orb.
     0 | D:1      | Reached XP level 1. HP: 14/14 MP: 1/1
   245 | D:1      | Reached XP level 2. HP: 19/19 MP: 2/2
   795 | D:2      | Reached XP level 3. HP: 22/23 MP: 3/3
  1071 | D:2      | Found an oddly glowing altar of Pakellas.
  1071 | D:2      | Noticed an orange crystal statue
  1072 | D:2      | Noticed a troll
  1097 | D:2      | Killed a troll
  1217 | D:2      | Reached skill level 4 in Fighting
  1326 | D:2      | Reached XP level 4. HP: 23/29 MP: 4/4
  1577 | D:3      | Found a shimmering altar of Xom.
  1598 | D:3      | Found an opulent altar of Gozag.
  1599 | D:3      | Found a sparkling altar of Nemelex Xobeh.
  1978 | D:3      | Found a shimmering altar of Xom.
  2331 | D:3      | Reached XP level 5. HP: 34/34 MP: 5/5
  3017 | D:4      | Noticed Edmund
  3032 | D:4      | Killed Edmund
  3032 | D:4      | Reached XP level 6. HP: 27/40 MP: 6/6
  3239 | D:4      | Found a deep blue altar of Sif Muna.
  3293 | D:4      | Reached skill level 5 in Fighting
  3322 | D:4      | Reached skill level 5 in Shields
  3398 | D:4      | Reached XP level 7. HP: 10/44 MP: 7/7
  3981 | D:4      | Found a staircase to the Ecumenical Temple.
  3988 | Temple   | Entered the Ecumenical Temple
  4021 | Temple   | Became a worshipper of Qazlal Stormbringer
  4249 | D:5      | Entered Level 5 of the Dungeon
  4397 | D:5      | Reached skill level 5 in Armour
  4968 | D:5      | Reached XP level 8. HP: 51/51 MP: 8/8
  5078 | D:5      | Got a smoking ring mail
  5201 | D:4      | Identified the cursed +0 ring mail of the Untouchables {-Cast Int+4 Dex+9} (You found it on level 5 of the Dungeon)
  5282 | D:5      | Reached skill level 6 in Fighting
  5437 | D:5      | Reached * piety under Qazlal
  5460 | D:5      | Reached skill level 5 in Maces & Flails
  5460 | D:5      | Reached skill level 1 in Dodging
  5883 | D:6      | Found an iron altar of Okawaru.
  5953 | D:6      | Found Toygitus's Weapon Shoppe.
  5990 | D:6      | Found Inaxop's Gadget Boutique.
  6083 | D:6      | Identified a scroll of acquirement
  6084 | D:6      | Got a faintly humming hat
  6090 | D:6      | Identified the +2 hat of Fashionability {MR+ Str+3} (You acquired it on level 6 of the Dungeon)
  6091 | D:6      | Found a snail-covered altar of Cheibriados.
  6181 | D:6      | Noticed Menkaure
  6181 | D:6      | Noticed Eustachio
  6185 | D:6      | Killed Menkaure
  6196 | D:6      | Killed Eustachio
  6199 | D:6      | Reached XP level 9. HP: 49/56 MP: 9/9
  6242 | D:6      | Found Haullyfe's Weapon Boutique.
  6307 | D:6      | Found Pusikle's Book Boutique.
  6399 | D:6      | Found a blossoming altar of Fedhas.
  6618 | D:7      | Reached skill level 7 in Fighting
  6937 | D:6      | Reached ** piety under Qazlal
  6997 | D:7      | Got an ichor-stained helmet
  7008 | D:7      | Identified the +0 helmet of Blue Skies {Stlth+} (You found it on level 7 of the Dungeon)
  7645 | D:8      | Reached skill level 9 in Fighting
  7645 | D:8      | Reached XP level 10. HP: 66/66 MP: 10/10
  7646 | D:8      | Gained mutation: You are partially covered in icy blue scales (AC +1). [potion of mutation]
  7646 | D:8      | Gained mutation: You have large cloven feet. [potion of mutation]
  7646 | D:8      | Gained mutation: You are agile. (Dex +2) [potion of mutation]
  7829 | D:8      | Found a staircase to the Lair.
  8171 | D:8      | Reached *** piety under Qazlal
  8184 | D:8      | Found a bloodstained altar of Trog.
  8185 | D:8      | Found a sacrificial altar of Ru.
  8185 | D:8      | Found a glowing golden altar of the Shining One.
  8194 | D:8      | Found an oddly glowing altar of Pakellas.
  8197 | D:8      | Found a burning altar of Makhleb.
  8332 | Lair:1   | Entered Level 1 of the Lair of Beasts
  8365 | Lair:1   | Reached XP level 11. HP: 71/71 MP: 11/11
  8744 | Lair:1   | Found a frozen archway.
  8768 | IceCv    | Entered an ice cave
  9406 | IceCv    | Reached skill level 10 in Shields
  9858 | IceCv    | Noticed a necromancer
  9873 | IceCv    | Killed a necromancer
  9873 | IceCv    | Reached skill level 10 in Fighting
 10820 | Lair:2   | Reached **** piety under Qazlal
 10854 | Lair:2   | Reached XP level 12. HP: 73/78 MP: 12/12
 11507 | Lair:3   | Noticed a five-headed hydra
 11516 | Lair:3   | Killed a five-headed hydra
 12450 | Lair:4   | Found a staircase to the Snake Pit.
 12592 | Lair:4   | Noticed a four-headed hydra
 12600 | Lair:4   | Killed a four-headed hydra
 12600 | Lair:4   | Reached skill level 10 in Dodging
 12641 | Lair:4   | Reached skill level 11 in Fighting
 12808 | Lair:4   | Reached skill level 10 in Maces & Flails
 13102 | Lair:5   | Reached ***** piety under Qazlal
 13187 | Lair:5   | Reached XP level 13. HP: 67/84 MP: 13/13
 13485 | Lair:5   | Found a staircase to the Swamp.
 14087 | Lair:6   | Noticed Kirke
 14389 | Lair:6   | Killed Kirke
 14389 | Lair:6   | Reached skill level 12 in Fighting
 14877 | Lair:7   | Reached ****** piety under Qazlal
 15221 | Lair:7   | Gained mutation: Your large and strong wings let you fly indefinitely. [Gargoyle growth]
 15221 | Lair:7   | Reached XP level 14. HP: 90/92 MP: 14/14
 15762 | Lair:8   | Entered Level 8 of the Lair of Beasts
 16608 | Lair:8   | Found a viscous altar of Jiyva.
 16617 | Lair:8   | Found a staircase to the Slime Pits.
 17156 | Lair:8   | Reached skill level 13 in Fighting
 17362 | Lair:8   | Reached XP level 15. HP: 98/98 MP: 15/15
 18209 | Snake:1  | Entered Level 1 of the Snake Pit
 18961 | Snake:1  | Found an iron altar of Okawaru.
 19833 | Snake:1  | Reached XP level 16. HP: 89/105 MP: 16/16
 20326 | Snake:2  | Reached skill level 14 in Fighting
 20833 | Swamp:1  | Entered Level 1 of the Swamp
 22108 | Swamp:2  | Noticed a thorn hunter
 22136 | Swamp:2  | Killed a thorn hunter
 23002 | Swamp:3  | Noticed Nikola
 23021 | Swamp:3  | Killed Nikola
 23021 | Swamp:3  | Reached skill level 15 in Dodging
 23021 | Swamp:3  | Reached XP level 17. HP: 97/112 MP: 17/17
 23295 | Swamp:3  | Reached skill level 15 in Shields
 23603 | Swamp:4  | Entered Level 4 of the Swamp
 23921 | Swamp:3  | Reached skill level 15 in Fighting
 24817 | Swamp:4  | Got a decaying rune of Zot
 25042 | D:9      | Noticed GordonOverkill's ghost (novice DDBe)
 25052 | D:9      | Killed GordonOverkill's ghost
 25604 | D:10     | Entered Level 10 of the Dungeon
 25656 | D:10     | Noticed Josephine
 25666 | D:10     | Killed Josephine
 25736 | D:10     | Noticed Erica
 25745 | D:10     | Killed Erica
 25934 | D:10     | Got a pair of faintly humming boots
 25945 | D:10     | Identified the +0 pair of boots of Gravity {Regen+ MP+9 SInv} (You acquired it on level 10 of the Dungeon)
 26720 | D:11     | Found Refyt's Jewellery Shoppe.
 26720 | D:11     | Noticed Gastronok
 26729 | D:11     | Killed Gastronok
 26736 | D:11     | Bought the ring of Wudeissa {MR+ EV+4} for 777 gold pieces
 27043 | D:11     | Found an iron altar of Okawaru.
 27386 | D:12     | Found a staircase to the Orcish Mines.
 27425 | D:12     | Noticed Harold
 27440 | D:12     | Reached skill level 1 in Invocations
 27445 | D:12     | Killed Harold
 27477 | D:12     | Found a runed gate.
 27477 | D:12     | Found a runed gate.
 27477 | D:12     | Found a runed gate.
 27778 | D:12     | Found Wurakhlof's Magic Scroll Shoppe.
 28057 | D:12     | Found a runed gate.
 28057 | D:12     | Found a runed gate.
 28057 | D:12     | Found a runed gate.
 28113 | D:12     | Identified Zakkoter's Disquisition on Ignition and Moulding (You found it on level 12 of the Dungeon)
 28123 | D:12     | Got a coiled bronze ring
 28124 | D:12     | Got an opalescent robe
 28126 | D:12     | Got a scorched brass ring
 28135 | D:12     | Identified the ring of Adept {rCorr rF+} (You took it off a centaur on level 12 of the Dungeon)
 28137 | D:12     | Identified the ring of Caiwnaimiju {rF+ Dex+4} (You took it off an orc warrior on level 12 of the Dungeon)
 28140 | D:12     | Identified the +0 robe "Weliuhuy" {rN++ Stlth+} (You took it off a centaur on level 12 of the Dungeon)
 28512 | D:13     | Noticed Nessos
 28546 | D:13     | Killed Nessos
 28546 | D:13     | Reached XP level 18. HP: 119/119 MP: 19/19
 28911 | D:13     | Found a gate to the Vaults.
 29167 | Orc:1    | Entered Level 1 of the Orcish Mines
 29332 | Orc:2    | Entered Level 2 of the Orcish Mines
 29511 | Orc:2    | Found a staircase to the Elven Halls.
 29627 | Orc:2    | Found a roughly hewn altar of Beogh.
 29698 | Orc:2    | Found a roughly hewn altar of Beogh.
 29704 | Orc:2    | Found Oshizuf's Gadget Shop.
 30089 | Orc:2    | Found a roughly hewn altar of Beogh.
 30210 | Orc:2    | Found Suade's Antique Weapon Emporium.
 30210 | Orc:2    | Found a roughly hewn altar of Beogh.
 30212 | Orc:2    | Found Olosaun's Antique Armour Shoppe.
 30294 | Orc:2    | Found a roughly hewn altar of Beogh.
 30294 | Orc:2    | Found Xewn's General Store.
 30343 | Elf:1    | Entered Level 1 of the Elven Halls
 30378 | Elf:1    | Noticed Louise
 30429 | Elf:1    | Found a magical portal.
 30453 | WizLab   | Entered Zonguldrok's Shrine
 30651 | WizLab   | Noticed raetorn's ghost (adept DsWz)
 30664 | WizLab   | Killed raetorn's ghost
 30752 | WizLab   | Noticed an antique lich
 30785 | WizLab   | Killed an antique lich
 30785 | WizLab   | Reached skill level 16 in Fighting
 30934 | Elf:1    | Killed Louise
 30991 | Elf:1    | Reached skill level 15 in Maces & Flails
 31070 | Elf:1    | Reached skill level 5 in Invocations
 31273 | Elf:1    | Identified the Incunabulum of Creation
 31484 | Elf:1    | Reached XP level 19. HP: 125/125 MP: 23/23
 32202 | Elf:2    | Found a runed gate.
 32202 | Elf:2    | Found a runed gate.
 32202 | Elf:2    | Found a runed gate.
 32490 | Elf:2    | Noticed Jorgrun
 32504 | Elf:2    | Killed Jorgrun
 33016 | Elf:3    | Entered Level 3 of the Elven Halls
 33224 | Elf:3    | Noticed a Brimstone Fiend
 33664 | Elf:3    | Got a brightly glowing broad axe {chop}
 33664 | Elf:3    | Got an ichor-stained leather armour
 33986 | Elf:3    | Reached XP level 20. HP: 133/133 MP: 26/26
 34320 | Elf:3    | Reached skill level 17 in Fighting
 34339 | Elf:3    | Got a steaming leather armour
 34739 | Elf:3    | Identified the Incunabulum of Evil Lightness
 34814 | Elf:3    | Identified Qadas's Reference Book on Calling and Sinister Rituals
 34913 | Elf:3    | Identified the +3 broad axe "Afautut" {chop, rElec Int+4} (You took it off a deep elf demonologist on level 3 of the Elven Halls)
 34935 | Elf:3    | Identified the +2 leather armour of Aloffyla {rElec rC+ rN+ Int+4} (You took it off a deep elf mage on level 3 of the Elven Halls)
 34950 | Elf:3    | Identified the +3 leather armour of Mamora {Regen+ SInv} (You took it off a deep elf sorcerer on level 3 of the Elven Halls)
 35747 | Snake:2  | Found a white marble altar of Elyvilon.
 36672 | Snake:3  | Found Ylybuf's Distillery.
 36678 | Snake:3  | Bought a potion of cancellation for 152 gold pieces
 36874 | Snake:4  | Entered Level 4 of the Snake Pit
 36874 | Snake:4  | Found a shattered altar of Ashenzari.
 37467 | Snake:4  | Found a glowing silver altar of Zin.
 37530 | Snake:4  | Found an opulent altar of Gozag.
 37665 | Snake:4  | Reached skill level 10 in Invocations
 37861 | Snake:4  | Reached XP level 21. HP: 140/140 MP: 28/28
 38200 | Snake:4  | Got a serpentine rune of Zot
 39974 | D:15     | Entered Level 15 of the Dungeon
 40667 | D:15     | Found a staircase to the Depths.
 41086 | Vaults:1 | Entered Level 1 of the Vaults
 41330 | Vaults:1 | Reached skill level 18 in Fighting
 42201 | Vaults:1 | Found Cymeukku's Book Shop.
 42502 | Vaults:2 | Got a brightly glowing robe
 42542 | Vaults:2 | Reached XP level 22. HP: 147/147 MP: 31/31
 43085 | Vaults:2 | Got a faintly humming plate armour
 43322 | Vaults:2 | Upgraded the game from 0.18.1-6-gd335043 to 0.18.1-8-gdd0e5ea
 43883 | Vaults:3 | Identified the +1 plate armour of Limitation {rC- Dex+5 Slay+6} (You found it on level 2 of the Vaults)
 43884 | Vaults:3 | Identified the +2 robe of Modesty {+Inv rN+} (You found it on level 2 of the Vaults)
 43963 | Vaults:3 | Found a staircase to the Crypt.
 43963 | Vaults:3 | Found an ancient bone altar of Kikubaaqudgha.
 43964 | Vaults:3 | Found a basalt altar of Yredelemnul.
 44864 | Vaults:3 | Found Dackeot's Distillery.
 44881 | Vaults:3 | Reached XP level 23. HP: 153/153 MP: 33/33
 44916 | Vaults:3 | Bought a potion of agility for 76 gold pieces
 44916 | Vaults:3 | Bought a potion of heal wounds for 95 gold pieces
 44916 | Vaults:3 | Bought a potion of haste for 190 gold pieces
 44916 | Vaults:3 | Bought a potion of curing for 57 gold pieces
 44916 | Vaults:3 | Bought a potion of cancellation for 152 gold pieces
 44916 | Vaults:3 | Bought a potion of haste for 190 gold pieces
 45572 | Vaults:4 | Noticed Mennas
 45625 | Vaults:4 | Killed Mennas
 45625 | Vaults:4 | Reached skill level 19 in Fighting
 47361 | Depths:1 | Entered Level 1 of the Depths
 47591 | Depths:1 | Found a gateway to Hell.
 47609 | Depths:1 | Found a one-way gate to the infinite horrors of the Abyss.
 47622 | Depths:1 | Noticed Aizul
 47642 | Depths:1 | Killed Aizul
 48948 | Depths:2 | Noticed Suckerboh's ghost (veteran SpEn)
 48971 | Depths:2 | Killed Suckerboh's ghost
 49038 | Depths:2 | Noticed a golden dragon
 49039 | Depths:2 | Noticed a golden dragon
 49056 | Depths:2 | Killed a golden dragon
 49331 | Depths:2 | Reached XP level 24. HP: 148/161 MP: 34/34
 49436 | Depths:2 | Found a one-way gate leading to the halls of Pandemonium.
 49757 | Depths:3 | Found a gateway to a ziggurat.
 50213 | Depths:3 | Reached skill level 15 in Invocations
 50876 | Depths:3 | Found Siyros's Distillery.
 50891 | Depths:3 | Bought a potion of ambrosia for 128 gold pieces
 50891 | Depths:3 | Bought a potion of agility for 64 gold pieces
 50891 | Depths:3 | Bought a potion of agility for 64 gold pieces
 50891 | Depths:3 | Bought a potion of heal wounds for 80 gold pieces
 50891 | Depths:3 | Bought a potion of agility for 64 gold pieces
 50891 | Depths:3 | Bought a potion of ambrosia for 128 gold pieces
 50891 | Depths:3 | Bought a potion of heal wounds for 80 gold pieces
 52200 | Crypt:1  | Entered Level 1 of the Crypt
 52528 | Crypt:1  | Reached XP level 25. HP: 168/168 MP: 34/34
 52747 | Crypt:1  | Reached skill level 20 in Fighting
 53216 | Crypt:1  | Found a basalt altar of Yredelemnul.
 53878 | Crypt:3  | Entered Level 3 of the Crypt
 54148 | Crypt:3  | Found an ancient bone altar of Kikubaaqudgha.
 54315 | Crypt:3  | Noticed Mara
 54318 | Crypt:3  | Noticed Ponchio's illusion
 54336 | Crypt:3  | Killed Mara
 54783 | Crypt:3  | Identified the Tome of Entrancing Toxins
 54912 | Crypt:3  | Got a bound lead ring
 54914 | Crypt:3  | Identified the ring "Uffiu" {Str+8 Int+2 SInv} (You found it on level 3 of the Crypt)
 54967 | Crypt:3  | Found a staircase to the Tomb.
 54984 | Crypt:3  | Identified Icyopaptu's Collected Works on Darkness
 55970 | Vaults:2 | Reached XP level 26. HP: 176/176 MP: 35/35
 56055 | Vaults:5 | Entered Level 5 of the Vaults
 56531 | Vaults:4 | Reached skill level 21 in Fighting
 57490 | Vaults:5 | Got a silver rune of Zot
 57500 | Vaults:5 | Got a clouded granite ring
 57544 | Vaults:5 | Identified the ring "Baghaqog" {SustAt rF+ Str+3 Int+3 Stlth+} (You found it on level 5 of the Vaults)
 57649 | Vaults:5 | Got an ivory rapier
 57653 | Vaults:5 | Got a scorched battleaxe
 57663 | Vaults:5 | Identified the +1 rapier "Seyn" {freeze, rPois rC+} (You found it on level 5 of the Vaults)
 58000 | Vaults:5 | Identified Sif Muna's Tome of Evil and Ignition
 58002 | Vaults:5 | Got a shimmering scale mail
 58019 | Vaults:5 | Identified the +2 scale mail of the Harp {rPois MR+} (You found it on level 5 of the Vaults)
 58114 | Vaults:5 | Reached XP level 27. HP: 183/183 MP: 35/35
 58127 | Vaults:5 | Found Suug's Distillery.
 58149 | Vaults:5 | Got a crude dagger
 58150 | Vaults:5 | Identified the +7 dagger "Akka Zev" {speed, Dex+7} (You found it on level 5 of the Vaults)
 58153 | Vaults:5 | Bought a potion of curing for 51 gold pieces
 58153 | Vaults:5 | Bought a potion of agility for 68 gold pieces
 58153 | Vaults:5 | Bought a potion of resistance for 170 gold pieces
 58153 | Vaults:5 | Bought a potion of haste for 170 gold pieces
 58300 | Vaults:5 | Identified the +9 battleaxe of Patience {elec, Int+3} (You found it on level 5 of the Vaults)
 58447 | Vaults:5 | Got a creamy pearl robe
 58692 | Vaults:5 | Identified the cursed +0 robe of Juoggeokh {*Drain +Inv rElec SInv} (You found it on level 5 of the Vaults)
 59538 | Slime:1  | Entered Level 1 of the Pits of Slime
 59559 | Lair:8   | Reached skill level 1 in Staves
 59633 | Slime:1  | Gained mutation: You are robust (+10% HP). [a shining eye]
 60046 | Slime:2  | Reached skill level 5 in Staves
 60085 | Slime:2  | Gained mutation: Armour fits poorly on your strangely shaped body. [a shining eye]
 60396 | Slime:2  | Paralysed by a giant eyeball for 3 turns
 60415 | Slime:1  | Paralysed by a giant eyeball for 2 turns
 61690 | Slime:4  | Gained mutation: Your spells are a little easier to cast, but a little less powerful. [a shining eye]
 61693 | Slime:4  | Gained mutation: Your spells are easier to cast, but less powerful. [a shining eye]
 61898 | Slime:3  | Reached skill level 10 in Staves
 62328 | Slime:6  | Entered Level 6 of the Pits of Slime
 62426 | Slime:6  | Noticed Dissolution
 62428 | Slime:6  | Paralysed by a giant eyeball for 2 turns
 62533 | Slime:5  | Killed Dissolution
 62569 | Slime:6  | Noticed the Royal Jelly
 62570 | Slime:5  | Gained mutation: You expend magic power (3 MP) to strengthen your wands. [a shining eye]
 62571 | Slime:5  | Gained mutation: You are partially covered in yellow scales (AC +2). [a shining eye]
 62999 | Slime:6  | Killed the Royal Jelly
 64075 | Slime:6  | Identified the Handbook of Lightness and Translocation
 64106 | Slime:6  | Got a pair of polished boots
 64117 | Slime:6  | Identified the cursed +0 pair of boots "Jyriod" {rCorr Str+7} (You found it on level 6 of the Pits of Slime)
 65364 | Slime:6  | Identified the Grimoire of the Volcanoes and Battle Magic
 65406 | Slime:6  | Gained mutation: Your body sometimes deteriorates upon taking damage. [a shining eye]
 65418 | Slime:6  | Got a faintly glowing turquoise ring
 65425 | Slime:6  | Got a slimy rune of Zot
 65431 | Slime:6  | Identified the Catalogue of Attacks and Companions
 65462 | Slime:6  | Got a scorched wooden ring
 65485 | Slime:6  | Got a polished morningstar
 65721 | Lair:1   | Identified the ring of Scepticism {Str+2 Dex+4 SInv} (You found it on level 6 of the Pits of Slime)
 65723 | Lair:1   | Identified the ring of Suicidal Tendencies {Ice Int+4 Stlth+} (You found it on level 6 of the Pits of Slime)
 65742 | Lair:1   | Identified the +12 morningstar "Concordance" {freeze, rN+ MP+9 Int+4 Dex-3} (You found it on level 6 of the Pits of Slime)
 65751 | Lair:1   | Lost mutation: You expend magic power (3 MP) to strengthen your wands. [potion of cure mutation]
 65751 | Lair:1   | Lost mutation: Armour fits poorly on your strangely shaped body. [potion of cure mutation]
 65751 | Lair:1   | Lost mutation: Your body sometimes deteriorates upon taking damage. [potion of cure mutation]
 67206 | Depths:4 | Reached skill level 10 in Armour
 67810 | Depths:5 | Entered Level 5 of the Depths
 68245 | Depths:5 | Found a gate to the Realm of Zot.
 68812 | Zot:1    | Entered Level 1 of the Realm of Zot
 69681 | Zot:1    | Reached skill level 22 in Fighting
 70565 | Zot:3    | Noticed an orb of fire
 70577 | Zot:3    | Gained mutation: Your body sometimes deteriorates upon taking damage. [an orb of fire]
 70894 | Hell     | Entered the Vestibule of Hell
 70894 | Hell     | Noticed Geryon
 71854 | Hell     | Killed Geryon
 71977 | Hell     | Found a gateway to the ashen valley of Gehenna.
 72041 | Hell     | Found a gateway to the decaying netherworld of Tartarus.
 72121 | Hell     | Reached skill level 23 in Fighting
 72138 | Hell     | Found a gateway to the freezing wastes of Cocytus.
 72248 | Hell     | Found a gateway to the Iron City of Dis.
 73932 | Tar:1    | Entered Level 1 of Tartarus
 75303 | Tar:1    | Reached skill level 15 in Staves
 75639 | Dis:1    | Entered Level 1 of the Iron City of Dis
 76359 | Dis:2    | HP: 8/206 [iron giant's throw (47)]
 78174 | Dis:3    | Gained mutation: You regenerate slowly when monsters are visible. [a cacodemon]
 78684 | Depths:1 | Voluntarily entered the Abyss.
 78777 | Abyss:1  | Got a pair of brightly glowing gloves
 78788 | Abyss:1  | Identified the +2 pair of gloves "Itach" {rElec rC+} (You acquired it on level 1 of the Abyss)
 78793 | Abyss:1  | Found a corrupted altar of Lugonu.
 79051 | Abyss:1  | Found a snail-covered altar of Cheibriados.
 79234 | Depths:1 | Escaped the Abyss
 79553 | D:11     | Bought the ring "Kicsoxah" {SustAt MP+9 Dex+6} for 593 gold pieces
 79844 | Depths:1 | Voluntarily entered the Abyss.
 80168 | Abyss:1  | Reached skill level 24 in Fighting
 80257 | Abyss:1  | Reached skill level 15 in Armour
 80308 | Abyss:1  | Paralysed by accursed screaming for 2 turns
 80693 | Abyss:1  | Identified the Volume of the Beekeeper
 80848 | Abyss:1  | Found a corrupted altar of Lugonu.
 80862 | Abyss:1  | Found a corrupted altar of Lugonu.
 80897 | Abyss:1  | Found a corrupted altar of Lugonu.
 81040 | Abyss:1  | Found a corrupted altar of Lugonu.
 81580 | Abyss:1  | Lost mutation: You regenerate slowly when monsters are visible. [a neqoxec]
 81582 | Abyss:1  | Lost mutation: You are robust (+10% HP). [a neqoxec]
 81693 | Abyss:1  | Found a sacrificial altar of Ru.
 81715 | Abyss:1  | Found a sacrificial altar of Ru.
 81811 | Abyss:1  | Found a sacrificial altar of Ru.
 82002 | Abyss:1  | Found a sacrificial altar of Ru.
 82071 | Abyss:1  | Gained mutation: Armour fits poorly on your strangely shaped body. [a neqoxec]
 82145 | Abyss:1  | Paralysed by accursed screaming for 1 turns
 82214 | Abyss:1  | Lost mutation: You are agile. (Dex +2) [potion of cure mutation]
 82214 | Abyss:1  | Lost mutation: Your body sometimes deteriorates upon taking damage. [potion of cure mutation]
 82333 | Abyss:1  | Killed from afar by a Hell Sentinel

Skill      XL: |  1  2  3  4  5  6  7  8  9 10 11 12 13 14 15 16 17 18 19 20 21 22 23 24 25 26 27 |
---------------+----------------------------------------------------------------------------------+-----
Fighting       | 4 5 6 9 10 11 12 13 14 15 16 17 18 19 20 21 24 | 24.8
Shields        | 4 5 6 9 10 11 12 13 14 15 16 17 18 19 20 21 23 | 23.1
Armour         | 4 5 6 7 16 | 16.2
Maces & Flails | 3 4 5 8 9 10 11 12 13 14 15 16 17 18 19 20 21 | 21.0
Dodging        | 2 7 9 10 11 12 14 15 16 17 18 19 20 21 23 | 23.0
Invocations    | 2 5 8 10 12 13 14 15 16 | 16.1
Staves         | 18 | 18.4

Action                   |  1- 3 |  4- 6 |  7- 9 | 10-12 | 13-15 | 16-18 | 19-21 | 22-24 | 25-27 || total
-------------------------+-------+-------+-------+-------+-------+-------+-------+-------+-------++-------
Melee: Flail             |   186 |   190 |   359 |   687 |  1208 |  2109 |  2159 |  2172 |  4273 || 13343
       Club              |       |    36 |       |       |       |       |       |       |       ||    36
       Unarmed           |       |       |       |       |    12 |       |       |       |       ||    12
       Morningstar       |       |       |       |       |       |       |       |   180 |       ||   180
       Lajatang          |       |       |       |       |       |       |       |       |  1781 ||  1781
 Abil: Fly               |       |       |       |       |     1 |     3 |       |       |     2 ||     6
       Stop Flying       |       |       |       |       |       |       |       |       |     2 ||     2
Evoke: Wand              |       |       |       |     3 |     8 |     2 |       |       |    14 ||    27
       Deck              |       |       |       |       |       |       |       |       |     2 ||     2
  Use: Scroll            |       |    10 |    12 |    11 |     2 |     9 |     7 |     8 |    20 ||    79
       Potion            |       |     2 |     2 |     6 |     1 |     6 |     3 |     4 |    28 ||    52
 Stab: Distracted        |       |       |       |       |       |     1 |     2 |     1 |       ||     4
       Confused          |       |       |       |       |       |       |       |     1 |       ||     1
       Petrifying        |       |       |       |       |       |       |       |       |     1 ||     1
  Eat: Chunk             |     2 |     6 |    12 |    13 |    12 |    25 |    17 |    20 |    31 ||   138
       Bread ration      |       |       |     1 |     1 |     1 |       |       |       |     1 ||     4
       Beef jerky        |       |       |     1 |     1 |     1 |     3 |    10 |     1 |     4 ||    21
       Pizza             |       |       |       |       |     2 |       |     1 |     1 |     2 ||     6
       Royal jelly       |       |       |       |       |     1 |     1 |     2 |     1 |       ||     5
       Fruit             |       |       |       |       |     1 |       |       |     6 |    25 ||    32
       Meat ration       |       |       |       |       |       |     2 |       |     1 |     8 ||    11
Armor: Scale mail        |    40 |       |       |       |       |       |       |       |       ||    40
       Ring mail         |    72 |   146 |   162 |   172 |   216 |   240 |   121 |   176 |   908 ||  2213
       Skin              |       |       |       |       |     1 |       |       |       |       ||     1
       Robe              |       |       |       |       |       |       |       |       |    36 ||    36
Dodge: Dodged            |    62 |   104 |   139 |   367 |   720 |   899 |   806 |  1025 |  4730 ||  8852
       Deflected         |       |       |       |       |     7 |    27 |    45 |    15 |    78 ||   172
Block: Shield            |   108 |   156 |   249 |   713 |  1629 |  2161 |  2044 |  2358 |  2654 || 12072
       Other             |       |       |       |       |     6 |       |       |       |   564 ||   570
       Large shield      |       |       |       |       |       |       |       |       |  2922 ||  2922
